 Dungeon Crawl Stone Soup version 0.27.1-3-gb3d3a73c9e (webtiles) character file.

Game seed: 1422687205622977688

853 Atelerd the Sneak (level 8, -10/46 HPs)
             Began as an Octopode Earth Elementalist on Oct 30, 2021.
             Was an Initiate of Sif Muna.
             Splashed by an acid dragon's acid (15 damage)
             ... on level 5 of the Dungeon.
             The game lasted 00:07:58 (7527 turns).

Atelerd the Sneak (Octopode Earth Elementalist)     Turns: 7527, Time: 00:07:58

Health: -10/46     AC:  1    Str:  8    XL:     8   Next: 1%
Magic:  2/15       EV: 13    Int: 19    God:    Sif Muna [......]
Gold:   140        SH:  0    Dex: 12    Spells: 9/17 levels left

rFire    . . .     SeeInvis +   g - +0 dagger
rCold    . . .     Faith    .   (no shield)
rNeg     . . .     Spirit   .   (helmet restricted)
rPois    .         Reflect  .   (no amulet)
rElec    .         Harm     .   p - ring of see invisible
rCorr    .         Rampage  .   (no ring)
Will     .....                  (no ring)
Stlth    ++++......             (no ring)
HPRegen  0.15/turn              (no ring)
MPRegen  0.14/turn              (no ring)
                                (no ring)
                                (no ring)

@: brilliant, flying, hasted, very quick
A: almost no armour, amphibious, 8 rings, camouflage 1, gelatinous body 1,
(nimble swimmer 1), tentacles
a: Renounce Religion


You were on level 5 of the Dungeon.
You worshipped Sif Muna.
Sif Muna was noncommittal.
You visited 2 branches of the dungeon, and saw 7 of its levels.

You collected 140 gold pieces.

Inventory:

Hand Weapons
 g - a +0 dagger (weapon)
Missiles
 s - 28 stones
Armour
 r - a +0 buckler
Jewellery
 p - a ring of see invisible (left tentacle)
Wands
 m - a wand of polymorph (4)
 o - a wand of flame (25)
Scrolls
 a - 3 scrolls of magic mapping {unknown}
 c - a scroll of blinking {unknown}
 h - 3 scrolls of noise {unknown}
 i - 6 scrolls of identify {unknown}
 n - a scroll of vulnerability {unknown}
 q - 2 scrolls of immolation {unknown}
Potions
 f - a potion of curing
 j - 2 potions of resistance {unknown}
 k - 2 potions of haste
 l - a potion of attraction {unknown}
 t - a potion of might {unknown}


   Skills:
 - Level 2.0 Dodging
 - Level 5.0 Stealth
 - Level 5.0 Spellcasting
 + Level 5.0 Transmutations
 + Level 5.0 Earth Magic


You had 9 spell levels left.
You knew the following spells:

 Your Spells              Type           Power      Damage    Failure   Level
a - Sandblast             Erth           70%        2d15      1%          1
l - Stone Arrow           Conj/Erth      42%        3d9       13%         3
p - Petrify               Tmut/Erth      35%        N/A       16%         4

Your spell library contained the following spells:

 Spells                   Type           Power      Damage    Failure   Level
 Passwall                 Tmut/Erth      29%        N/A       2%          2


Dungeon Overview and Level Annotations

Branches:
Dungeon (6/15)             Temple (1/1) D:5

Altars:
Cheibriados
Dithmenos
Elyvilon
Fedhas
Gozag
Hepliaklqana
Kikubaaqudgha
Makhleb
Nemelex Xobeh
Okawaru
Sif Muna
Trog
Uskayaw
Vehumet
Wu Jian
Yredelemnul
The Shining One
Beogh

Shops:
D:2 [   D:5 :

Annotations:
D:2 exclusion: downstairs
D:5 3 runed translucent doors, Descartes's ghost, weakling SpDe


Innate Abilities, Weirdness & Mutations

You cannot wear most types of armour.
You are amphibious.
You can wear up to eight rings at the same time.
Your skin changes colour to match your surroundings (Stealth+).
Your rubbery body absorbs attacks. (AC +1, EV +1)
((You are camouflaged near water. (Stealth+)))
You have tentacles for arms and can constrict up to eight enemies at once.


Message History

Casting: Sandblast (safe; 1% risk of failure)
Confirm with . or Enter, or press ? or * to list all spells.
Okay, then.
The blast of sand hits the acid dragon.
The acid dragon is moderately wounded.
The acid dragon bites you. The acid dragon claws you.
You are too depleted to draw on your mana recklessly!
Aiming: Throw Flame
Press: ? - help, Shift-Dir - straight line, f/p - acid dragon
Aim: an acid dragon (moderately wounded, 68% to hit)
The puff of flame hits the acid dragon.
The acid dragon is moderately wounded.
The acid dragon spits acid at you. The splash of acid hits you!
You are splashed with acid!
* * * LOW HITPOINT WARNING * * *
Your magical contamination has completely faded away.
You feel much better. The acid dragon bites you! The acid dragon misses you.
It was a potion of flight.
You feel very buoyant.
You fly up into the air.
The acid dragon bites you. The acid dragon closely misses you.
Okay, then.
Okay, then.
It was a potion of brilliance.
You feel clever all of a sudden. The acid dragon bites you!
* * * LOW HITPOINT WARNING * * *
The acid dragon closely misses you.
It was a potion of haste.
You feel yourself speed up. The acid dragon closely misses you.
The acid dragon barely misses you.
Press: ? - help, v - describe, . - travel
Here: an acid dragon (moderately wounded)
The floor.
You feel better.
You feel better. The acid dragon spits acid at you.
The splash of acid hits you!
* * * LOW HITPOINT WARNING * * *
You are splashed with acid!
You die...

.##.# #.######.###............
.##.# ##.##..........[...###...
.##.## ##...#...........#..###...
.#...###......#########.#...####.
..............# #.#.#.## #.
.#...###......# #......####
...)## ##...#.#########..#.#...(.
##### ##.##...................#
.# ####.##.).@####...#...#...# .#
#.......#..##...#.......#.. .#
#.#####....##.#.....>.....# .#
#.# ####.##...#.......#.. .# #.#
#D####...#...#.... .# #.# #.#
###.......... .# #.# #.#
##.#.#.#### .# #.# #.# #.....# .#
#.# #.# ##.#.#####


You could see an acid dragon (catching breath).

Vanquished Creatures
  2 sky beasts
  2 ogres (D:5)
  A necrophage (D:5)
  2 scorpions (D:4)
  A bullfrog zombie (D:5)
  A hound (D:4)
  A centaur zombie (D:5)
  Jessica (D:3)
  Terence (D:3)
  8 adders
  An ufetubus (D:6)
  An adder skeleton (D:5)
  2 worms (D:4)
  A dart slug (D:4)
  4 orcs
  4 ball pythons
  5 endoplasms (D:1)
  3 giant cockroaches
  3 hobgoblins
  8 jackals
  2 quokkas
  7 bats
  5 frilled lizards
  5 goblins
  6 kobolds
  5 rats
82 creatures vanquished.

Notes
Turn   | Place    | Note
-------+----------+-------------------------------------------
     0 | D:1      | Atelerd the Octopode Earth Elementalist began the quest for
                  | the Orb.
     0 | D:1      | Reached XP level 1. HP: 11/11 MP: 3/3
   199 | D:1      | Reached XP level 2. HP: 15/17 MP: 3/5
   733 | D:1      | Reached XP level 3. HP: 18/21 MP: 2/6
  1593 | D:2      | Found Dunuerghu's Antique Armour Emporium.
  1619 | D:2      | Reached XP level 4. HP: 14/27 MP: 5/7
  1969 | D:3      | Noticed Terence
  2875 | D:3      | Noticed Jessica
  2885 | D:3      | Killed Jessica
  2886 | D:3      | Reached XP level 5. HP: 25/31 MP: 9/9
  3713 | D:4      | Reached XP level 6. HP: 24/36 MP: 10/10
  3876 | D:4      | Learned a level 4 spell: Petrify
  3928 | D:4      | Reached skill level 5 in Stealth
  4016 | D:4      | Learned a level 3 spell: Stone Arrow
  4333 | D:5      | Entered Level 5 of the Dungeon
  4337 | D:5      | Found a staircase to the Ecumenical Temple.
  4358 | Temple   | Entered the Ecumenical Temple
  5141 | Temple   | Became a worshipper of Sif Muna the Loreminder
  5389 | D:5      | Found Konipsott's Book Shoppe.
  5389 | D:5      | Noticed a sky beast
  5414 | D:5      | Killed a sky beast
  5810 | D:5      | Noticed a necrophage
  5816 | D:5      | Killed a necrophage
  5817 | D:5      | Reached XP level 7. HP: 39/41 MP: 8/12
  5901 | D:5      | Found a runed translucent gate.
  5902 | D:5      | Found a runed translucent gate.
  5903 | D:5      | Found a runed translucent gate.
  5905 | D:5      | Noticed Descartes's ghost (weakling SpDe)
  5909 | D:5      | Identified the +0 short sword "Athuubb" {vamp, rF+++ rC-
                  | Str-2 Dex+3}
  5977 | D:5      | Reached skill level 5 in Earth Magic
  6623 | D:6      | Noticed a vampire
  6916 | D:3      | Killed Terence
  6917 | D:3      | Reached skill level 5 in Transmutations
  7097 | D:3      | Reached skill level 5 in Spellcasting
  7097 | D:3      | Reached XP level 8. HP: 38/46 MP: 15/15
  7527 | D:5      | Splashed by an acid dragon's acid

Illustrated notes

Levels and vault maps discovered:
D:1:      lemuel_arrival_muddy, layout_basic, minmay_misc_feat_nine_boxes,
          minmay_unequal
D:2:      layout_basic, serial_shops, nicolae_shop_waterfront
D:3:      layout_loops_ring, eino_curves_01, uniq_terence, uniq_jessica
D:4:      layout_basic
D:5:      layout_loops_ring, minmay_temple_entry_sparse_star,
          biasface_ghost_orc_armoury, serial_shops, shop,
          minmay_splitting_lines, serial_bayou_pond_c,
          minmay_fractal_squares_gapless_5
D:6:      layout_gridville, mainiacjoe_overflow_small_starburst,
          dk_noncrumbling_2, grunt_ministairs_5, st_stairs_2
Temple:   eino_narrow_crystal_temple

Skill      XL: |  1  2  3  4  5  6  7 |
---------------+----------------------+-----
Stealth        | 3 4 5 |  5.0
Transmutations | 2 3 5 |  5.0
Spellcasting   | 3 5 |  5.0
Earth Magic    | 4 5 |  5.0
Dodging        | |  2.0

Action                   |  1- 3 |  4- 6 |  7- 9 || total
-------------------------+-------+-------+-------++-------
Melee: Unarmed           |    10 |       |       ||    10
       Constrict         |     8 |    25 |     4 ||    37
       Dagger            |     8 |   128 |    26 ||   162
       Tentacles         |     2 |    25 |     3 ||    30
 Cast: Sandblast         |    38 |    11 |    16 ||    65
       Petrify           |       |       |     3 ||     3
Evoke: Wand              |       |       |     4 ||     4
  Use: Potion            |       |       |     8 ||     8
 Stab: Sleeping          |     3 |     8 |     4 ||    15
       Petrified         |       |       |     4 ||     4
Armor: Skin              |     2 |    12 |     1 ||    15
Dodge: Dodged            |    22 |   117 |    29 ||   168
